 Dungeon Crawl Stone Soup version 0.21-a0-584-g185da8e (webtiles) character file.

361 sithsevirus the Gusty (level 6, -2/50 HPs)
             Began as a Draconian Air Elementalist on Dec 20, 2017.
             Was an Initiate of Vehumet.
             Killed from afar by sithsevirus's ghost (8 damage)
             ... with a zap
             ... on level 4 of the Dungeon.
             The game lasted 00:18:00 (6091 turns).

sithsevirus the Gusty (Draconian Air Elementalist)  Turns: 6091, Time: 00:18:01

Health: -2/50      AC:  7    Str: 10    XL:     6   Next: 38%
Magic:  6/9        EV: 11    Int: 18    God:    Vehumet [......]
Gold:   152        SH:  0    Dex: 11    Spells: 7/9 levels left

rFire    . . .     SeeInvis .   t - +2 spear (freeze)
rCold    . . .     Gourm    .   (no shield)
rNeg     . . .     Faith    .   (armour unavailable)
rPois    .         Spirit   .   (helmet restricted)
rElec    .         Reflect  .   s - +0 cloak
rCorr    .         Harm     .   (no gloves)
MR       .....                  (no boots)
Stlth    ++........             (no amulet)
HPRegen  0.16/turn              (no ring)
MPRegen  0.11/turn              (no ring)

@: heavily drained
A: unfitting armour, cold-blooded, AC +6
a: Renounce Religion


You were on level 4 of the Dungeon.
You worshipped Vehumet.
Vehumet was noncommittal.
You were not hungry.

You visited 1 branch of the dungeon, and saw 4 of its levels.

You collected 152 gold pieces.

Inventory:

Hand Weapons
 q - a +0 hunting sling
 t - a +2 spear of freezing (weapon)
Missiles
 j - 122 stones (quivered)
 o - 48 sling bullets
 w - 3 exploding tomahawks
Armour
 s - a +0 cloak (worn)
Scrolls
 c - a scroll of teleportation {unknown}
 f - a scroll of enchant armour {unknown}
 g - 3 scrolls of identify {unknown}
 i - a scroll of magic mapping {unknown}
 m - a scroll of fear {unknown}
 n - a scroll of noise {unknown}
 p - 3 scrolls of remove curse {unknown}
 x - a scroll of immolation {unknown}
 y - a scroll of amnesia {unknown}
Books
 a - a book of Air

   Spells                             Type                      Level
   a - Shock                          Conjuration/Air              1
   b - Swiftness                      Charms/Air                   2
   c - Static Discharge               Conjuration/Air              3
   d - Airstrike                      Air                          4
   e - Lightning Bolt                 Conjuration/Air              5
 r - a book of Changes

   Spells                             Type                      Level
   a - Beastly Appendage              Transmutation                1
   b - Sticks to Snakes               Transmutation                2
   c - Spider Form                    Transmutation/Poison         3
   d - Ice Form                       Ice/Transmutation            4
   e - Blade Hands                    Transmutation                5
Comestibles
 b - 7 rations
 d - 2 chunks of flesh


   Skills:
 + Level 2.9(1.7) Fighting
   Level 1.5(0.8) Axes
 + Level 1.6(0.9) Polearms
 - Level 1.7(0.6) Dodging
 + Level 3.4(2.2) Stealth
 - Level 2.0(0.8) Spellcasting
 - Level 2.6(1.4) Conjurations
 + Level 1.1(0.0) Transmutations
 + Level 4.1(2.9) Air Magic


You had 7 spell levels left.
You knew the following spells:

 Your Spells              Type           Power        Failure   Level  Hunger
a - Shock                 Conj/Air       #...         9%          1    ##.....
b - Beastly Appendage     Tmut           #.....       21%         1    ##.....


Dungeon Overview and Level Annotations

Branches:
Dungeon (4/15)
 Temple: D:4-7

Altars:
Makhleb
Vehumet
The Shining One

Annotations:
D:4 sithsevirus's ghost, novice DrAE


Innate Abilities, Weirdness & Mutations

Your plain brown scales are hard. (AC +6)
You cannot fit into any form of body armour.
You are cold-blooded and may be slowed by cold attacks.


Message History

Sithsevirus's ghost casts a spell at you.
The zap hits you!
* * * LOW HITPOINT WARNING * * *
There is an open door here.
You close the door.
Sithsevirus's ghost opens the door.
Sithsevirus's ghost points at you and mumbles some strange words.
The zap misses you.
Press: ? - help, v - describe, . - travel, g - get item An uncursed amulet of the gourmand.
There is something else lying underneath.
The floor.
Sithsevirus's ghost points at you and mumbles some strange words.
The zap hits you!
There is an open door here.
You close the door.
Sithsevirus's ghost opens the door.
Sithsevirus's ghost gestures at you while chanting.
The zap hits you!
You die...

###............#
######..
#............#
#.>
#.......W....#
###
#......#'#####
#......#.#
#......#.#
#......#.#
########.# #@#
#######.#
#....)[.#
#.####### #.#
#.# #.# #.# ####
#.# #...


You could see sithsevirus's ghost.

Vanquished Creatures
  A bullfrog (D:3)
  A scorpion (D:4)
  A howler monkey (D:4)
  An iguana (D:2)
  An orc wizard (D:4)
  A worker ant (D:3)
  3 adders
  An ooze (D:2)
  An adder skeleton (D:4)
  2 worms
  2 dart slugs (D:2)
  3 leopard geckos
  7 orcs
  2 giant cockroaches
  9 goblins
  8 hobgoblins
  4 jackals
  10 kobolds
  A ball python (D:2)
  9 bats
  3 frilled lizards
  A jackal skeleton (D:4)
  A quokka skeleton (D:4)
  10 rats
83 creatures vanquished.

Notes
Turn   | Place    | Note
-------+----------+-------------------------------------------
     0 | D:1      | sithsevirus the Draconian Air Elementalist began the quest for the Orb.
     0 | D:1      | Reached XP level 1. HP: 14/14 MP: 3/3
    56 | D:1      | Reached XP level 2. HP: 16/22 MP: 1/5
   296 | D:1      | Reached skill level 1 in Fighting
   922 | D:2      | Reached XP level 3. HP: 5/28 MP: 1/6
  1407 | D:2      | Reached skill level 1 in Axes
  1669 | D:2      | Found a glowing golden altar of the Shining One.
  1694 | D:2      | Reached XP level 4. HP: 17/36 MP: 0/7
  2301 | D:2      | Found a radiant altar of Vehumet.
  2305 | D:2      | Became a worshipper of Vehumet
  2314 | D:2      | Found a burning altar of Makhleb.
  2984 | D:3      | Noticed a bullfrog
  3000 | D:3      | Killed a bullfrog
  3000 | D:3      | Reached XP level 5. HP: 26/42 MP: 0/8
  3056 | D:3      | Reached skill level 1 in Polearms
  3306 | D:3      | Learned a level 1 spell: Beastly Appendage
  4398 | D:4      | Got a pair of transparent boots
  4404 | D:4      | Identified the +1 pair of boots of Fashionability {rPois rF- rCorr Dex-5} (You found it on level 4 of the Dungeon)
  4451 | D:4      | Reached XP level 6. HP: 46/50 MP: 3/9
  5865 | D:4      | Reached skill level 1 in Transmutations
  5865 | D:4      | Reached skill level 4 in Air Magic
  5997 | D:4      | Noticed sithsevirus's ghost (novice DrAE)
  6061 | D:4      | HP: 2/50 [sithsevirus's ghost/zap (7)]
  6067 | D:4      | HP: 2/50 [sithsevirus's ghost/zap (1)]
  6091 | D:4      | Killed from afar by sithsevirus's ghost

Vault maps used:
D:1:      minmay_arrival_four_circles, minmay_misc_feat_iff
D:2:      amethyst_overflow_temple_binary, old_standard_altar,
          minmay_misc_feat_secret_circle

Skill      XL: |  1  2  3  4  5  6 |
---------------+-------------------+-----
Stealth        | 2 3 |  3.4
Fighting       | 1 2 |  2.9
Axes           | 1 |  1.5
Conjurations   | 2 |  2.6
Polearms       | 1 |  1.6
Transmutations | 1 |  1.1
Air Magic      | 4 |  4.1
Dodging        | |  1.7
Spellcasting   | |  2.0

Action                   |  1- 3 |  4- 6 || total
-------------------------+-------+-------++-------
Melee: Hand axe          |    38 |     3 ||    41
       Unarmed           |     5 |       ||     5
       Tailslap          |     3 |     8 ||    11
       Spear             |       |    56 ||    56
 Cast: Shock             |    74 |   104 ||   178
       Beastly Appendage |       |     1 ||     1
  Use: Potion            |       |     7 ||     7
  Eat: Chunk             |     4 |    10 ||    14
       Ration            |       |     2 ||     2
Armor: Skin              |    19 |    28 ||    47
Dodge: Dodged            |    49 |    40 ||    89

Table legend:
 A = Spawn XP
 B = Non-spawn XP
 C = Spawn XP percentage of total XP
 D = Spawn monster count
 E = Non-spawn monster count
 F = Spawn count percentage of total count
 G = Total turns spent on level
                    A         B        C        D         E        F      G
               +---------+---------+-------+---------+---------+-------+---------
         Total |       0 |     517 |   0.0 |       0 |      83 |   0.0 |  6091
               +---------+---------+-------+---------+---------+-------+---------
           D:1 |       0 |      39 |   0.0 |       0 |      24 |   0.0 |   905
           D:2 |       0 |     103 |   0.0 |       0 |      27 |   0.0 |  1569
           D:3 |       0 |     196 |   0.0 |       0 |      23 |   0.0 |  1768
           D:4 |       0 |     179 |   0.0 |       0 |       9 |   0.0 |  1849
               +---------+---------+-------+---------+---------+-------+---------
